 Dungeon Crawl Stone Soup version 0.30-a0-859-gf88a04b62d (webtiles) character file.

Game seed: 14244773432518331141

117 Newt the Shooter (level 5, 0/35 HPs)
             Began as a Kobold Hunter on Mar 7, 2023.
             Killed by an exploding jackal (34 damage)
             ... ignited by their inner flame
             ... on level 3 of the Dungeon.
             The game lasted 00:02:54 (2280 turns).

Newt the Shooter (Kobold Hunter)                    Turns: 2280, Time: 00:02:55

Health: 0/35       AC:  5    Str:  8    XL:     5   Next: 22%
Magic:  0/5        EV: 14    Int: 11    God:
Gold:   187        SH:  0    Dex: 20    Spells: 4/4 levels left

rFire   . . .      SeeInvis .    a - +0 shortbow
rCold   . . .      Faith    .    (shield currently unavailable)
rNeg    . . .      Spirit   +    f - +2 leather armour {rPois}
rPois   +          Reflect  .    (no helmet)
rElec   .          Rampage  .    (no cloak)
rCorr   .                        (no gloves)
Will    .....                    (no boots)
Stlth   +++                      m - amulet of guardian spirit
HPRegen 0.25/turn                (no ring)
MPRegen 0.09/turn                (no ring)

@: no status effects
A: small, no large weapons, nightstalker 3
a: no special abilities


You were on level 3 of the Dungeon.
You visited 1 branch of the dungeon, and saw 3 of its levels.

You collected 187 gold pieces.

Inventory:

Hand Weapons
 a - a +0 shortbow (weapon)
Missiles
 l - a throwing net
Armour
 c - a +0 leather armour
 f - a +2 leather armour of poison resistance (worn)
Jewellery
 j - a ring of fire
 k - an amulet of faith
 m - an amulet of guardian spirit (around neck)
Scrolls
 b - a scroll of immolation
 e - a scroll of identify
 i - a scroll of teleportation
 n - a scroll of fog
Potions
 d - 3 potions of curing
 g - a potion of mutation
 h - a potion of might


   Skills:
 - Level 5.0 Fighting
 + Level 6.0 Ranged Weapons
 - Level 2.4 Dodging
 - Level 1.3 Stealth


You had 4 spell levels left.
You didn't know any spells.
Your spell library contained the following spells:

 Spells                   Type           Power      Damage    Failure   Level
 Necrotise                Necr           0%         1d4       45%         1
 Vampiric Draining        Necr           0%         2d6       83%         3
 Agony                    Necr           0%         N/A       100%        5


Dungeon Overview and Level Annotations

Branches:
Dungeon (3/15)

Altars:

Shops:
D:1 (

Annotations:
D:3 Sigmund


Innate Abilities, Weirdness & Mutations

You are small and have problems with some larger weapons.
You are completely attuned to the shadows.


Message History

You shoot an arrow. The arrow barely misses the goblin.
The goblin shoots a sling bullet.
The sling bullet closely misses you.
A goblin is nearby!
A goblin is nearby!
You shoot an arrow. The arrow closely misses the goblin.
The goblin shoots a sling bullet.
The sling bullet closely misses you.
You shoot an arrow. The arrow hits the goblin.
You kill the goblin!
No target in view!
No target in view!
You see here an adder corpse.
Found a book of Necromancy.
Sigmund and 3 jackals come into view.
There are monsters nearby!
You shoot an arrow. The arrow hits Sigmund!
Sigmund shouts!
Sigmund is heavily wounded.
The jackal barks!
You shoot an arrow. The arrow barely misses the jackal.
The arrow hits the jackal.
The jackal is severely wounded.
The jackal misses you.
You shoot an arrow. The arrow hits the jackal!
You kill the jackal!
The jackal bites you. The jackal barely misses you.
The jackal closely misses you.
Unknown command.
An endoplasm comes into view.
The jackal attacks as you move away! The jackal misses you. x2
Really read the scroll of immolation?
As you read the scroll of immolation, it crumbles to dust.
The creatures around you are filled with an inner flame!
Fire: a) +0 shortbow
Press: ? - help, Q - select action, (/) - cycle Shift-Dir - straight line, f - jackal
Aim: a jackal (severely wounded, inner flame, 61% to hit)
You shoot an arrow. The arrow hits the jackal!
The jackal explodes!
The fiery explosion engulfs you!!!
Ouch! That really hurt!
You die...

.........##....:..#
.......####.).....#
.......####)......#
.......#.†........#
#+##+###.##.......#....
.....# #.#####.####....
....####.# #.# ....
#........# #.####J...
#.#..##### #..@§h@#
#.##... ######.#
#.##.... ... #.######
@### .....# .# ...#.#
#. .(...# #.# .#.#
....#### #.. #.#..
##.......#..###...


You could see Sigmund (inner flame), an endoplasm (inner flame) and a jackal
(inner flame).

Vanquished Creatures
  5 adders
  A worm (D:2)
  A dart slug (D:1)
  4 orcs (D:3)
  5 bats
  3 endoplasms
  4 giant cockroaches
  6 goblins
  7 hobgoblins
  8 jackals
  2 quokkas
  4 ball pythons
  4 frilled lizards
  5 kobolds
  2 rats (D:1)
61 creatures vanquished.

Notes
Turn   | Place    | Note
-------+----------+-------------------------------------------
     0 | D:1      | Newt the Kobold Hunter began the quest for the Orb.
     0 | D:1      | Reached XP level 1. HP: 12/12 MP: 1/1
    66 | D:1      | Reached XP level 2. HP: 16/18 MP: 2/2
   191 | D:1      | Found Hoaczeu's Weapon Emporium.
   455 | D:1      | Reached XP level 3. HP: 20/23 MP: 3/3
   974 | D:2      | Reached XP level 4. HP: 30/30 MP: 4/4
  1992 | D:3      | Found a faded altar of an unknown god.
  2038 | D:3      | Reached skill level 5 in Fighting
  2115 | D:3      | Reached XP level 5. HP: 31/35 MP: 5/5
  2249 | D:3      | Reached skill level 6 in Ranged Weapons
  2273 | D:3      | Noticed Sigmund
  2280 | D:3      | Killed by an exploding jackal... ignited by their inner
                  | flame

Illustrated notes

Levels and vault maps discovered:
D:1:      kennysheep_arrival_forest, layout_basic, serial_shops,
          nicolae_lakefront_shop
D:2:      minmay_general_purpose_star, layout_loops_corners
D:3:      layout_basic, ebering_ecumenical_altar_hall, uniq_sigmund

Skill      XL: |  1  2  3  4  5 |
---------------+----------------+-----
Fighting       | 3 4 5 |  5.0
Ranged Weapons | 6 |  6.0
Dodging        | |  2.4
Stealth        | |  1.3

Action                     |  1- 3 |  4- 6 || total
---------------------------+-------+-------++-------
   Fire: Shortbow          |    88 |    85 ||   173
    Use: Scroll            |     5 |     2 ||     7
         Potion            |     1 |       ||     1
 Armour: Leather armour    |     9 |    12 ||    21
  Dodge: Dodged            |    48 |    43 ||    91

Table legend: (Time is in decaauts)
 A = Elapsed time spent in this place.
 B = Non-inter-level travel time spent in this place.
 C = Inter-level travel time spent in this place.
 D = Time resting spent in this place.
 E = Time spent auto-exploring this place.
 F = Levels seen in this place.
 G = Mean time per level.
                   A        B        C        D        E       F      G
               +--------+--------+--------+--------+--------+-----+--------+
         Total |   2328 |   2241 |     87 |     21 |   1876 |   3 |  776.0 |
       Dungeon |   2328 |   2241 |     87 |     21 |   1876 |   3 |  776.0 |
               +--------+--------+--------+--------+--------+-----+--------+

Top non-repeatable levels by time:
     D:2: 1173 daAuts
     D:1: 809 daAuts
     D:3: 345 daAuts
